Map: Submarine LE

Players

NumberS

  • Race: Zerg Zerg
  • League: Platinum
  • Spawn Location: 5:00

ViBE - Winner!

  • Race: Protoss Protoss
  • League: Platinum
  • Spawn Location: 11:00

VOD

Have the link to the VOD?

Description

Time

  • Played on: March 27, 2021, 8:41 p.m.
  • Length: 12:41
Show
View Real Time Build Order
Export as new Build Order

NumberS Zerg 

Build Orders: Hatch First, Lurkers 

Get SALT Encoding   

  12  0:00  Drone  
  13  0:08  Drone  
  13  0:13  Extractor  
  13  0:16  Drone  
  15  0:23  Overlord  
  15  0:42  Drone x2  
  17  0:55  Hatchery  
  17  0:56  Drone  
  17  1:11  Spawning Pool  
  17  1:14  Drone  
  17  1:17  Drone  
  18  1:21  Drone  
  19  1:26  Extractor  
  19  1:30  Overlord  
  18  1:37  Drone  
  19  1:51  Drone  
  20  1:58  Queen  
  22  2:02  Zergling x2  
  22  2:06  Queen  
  25  2:08  Zergling x2  
  25  2:09  Zergling x2  
  27  2:32  Drone, Hatchery  
  27  2:33  Drone  
  28  2:43  Metabolic Boost  
  28  2:47  Drone x3  
  29  3:07  Zergling x6  
  29  3:09  Drone  
  29  3:10  Drone  
  29  3:11  Drone  
  35  3:13  Overlord  
  35  3:19  Drone  
  36  3:28  Overlord  
  36  3:32  Lair  
  36  3:44  Drone x3  
  36  3:45  Drone x2  
  36  3:46  Drone x2  
  43  3:54  Drone  
  43  3:55  Drone x2  
  44  4:03  Queen  
  46  4:10  Zergling x2  
  46  4:11  Zergling x6  
  46  4:12  Zergling x4  
  51  4:19  Drone  
  51  4:21  Zergling x2  
  53  4:26  Drone  
  53  4:27  Drone x2  
  55  4:32  Overlord  
  55  4:35  Drone  
  55  4:36  Drone  
  57  4:39  Extractor  
  57  4:42  Drone  
  57  4:49  Drone x2  
  57  4:56  Drone x2  
  58  5:01  Drone  
  58  5:02  Drone  
  58  5:03  Drone  
  60  5:08  Drone, Zergling x8  
  64  5:23  Hydralisk Den  
  62  5:30  Zergling x8  
  62  5:32  Overlord  
  66  5:36  Extractor  
  62  5:51  Zergling x14  
  62  5:54  Zergling x4  
  71  6:00  Grooved Spines  
  71  6:03  Evolution Chamber  
  70  6:05  Evolution Chamber, Overlord  
  70  6:06  Extractor  
  70  6:08  Zergling x8  
  70  6:09  Zergling x2  
  71  6:27  Zergling x4  
  71  6:28  Zergling x6  
  64  6:55  Zergling x12  
  64  6:56  Zergling x2  
  64  6:57  Zergling x8  
  74  7:02  Hydralisk  
  74  7:05  Hydralisk  
  77  7:12  Lurker Den  
  73  7:43  Zergling x8  
  73  7:44  Zergling x12  
  72  7:46  Overlord x2  
  66  7:58  Overlord x2  
  66  8:03  Spine Crawler  
  66  8:04  Zerg Missile Weapons Level 1, Zerg Ground Armor Level 1  
  66  8:05  Spine Crawler  
  64  8:06  Spine Crawler  
  63  8:14  Hydralisk x6  
  63  8:15  Hydralisk x2  
  63  8:19  Muscular Augments  
  75  8:30  Hydralisk x6  
  75  8:33  Overseer x2  
  87  8:44  Zergling x6  
  88  8:49  Zergling x2  
  88  8:50  Overlord  
  88  8:51  Overlord  
  89  8:56  Overlord  
  89  8:59  Overlord x2  
  89  9:06  Overlord  
  89  9:07  Overlord x2  
  89  9:08  Overlord  
  89  9:10  Hydralisk x2  
  89  9:11  Hydralisk  
  89  9:14  Overseer  
  95  9:23  Lurker x4  
  99  9:29  Extractor  
  99  9:30  Zergling x12  
  99  9:31  Extractor  
  89  10:25  Zergling x4  
  89  10:26  Zergling x12  
  89  10:27  Zergling x4  
  95  10:41  Hydralisk x3  
  101  10:46  Lurker x5  
  101  10:49  Overlord  
  106  11:01  Hydralisk x3  
  112  11:05  Zergling x2  
  77  11:47  Hydralisk x3  
Show
View Real Time Build Order
Export as new Build Order

ViBE Protoss - Winner!

Build Orders: 1 Gate Expand, Archon Immortal 

Get SALT Encoding   

  12  0:00  Probe  
  13  0:12  Probe  
  14  0:23  Pylon  
  14  0:26  Probe  
  15  0:41  Probe (Chrono Boost)  
  15  0:42  Gateway  
  16  0:48  Assimilator  
  16  0:53  Probe (Chrono Boost)  
  17  0:57  Probe (Chrono Boost)  
  18  1:08  Probe  
  19  1:20  Probe  
  20  1:27  Nexus  
  20  1:34  Cybernetics Core  
  20  1:37  Probe  
  21  1:50  Probe  
  21  1:51  Assimilator  
  21  1:52  Pylon  
  22  2:02  Probe  
  23  2:14  Probe (Chrono Boost)  
  24  2:20  Stalker, Warp Gate  
  26  2:25  Probe (Chrono Boost)  
  26  2:29  Probe (Chrono Boost)  
  28  2:39  Probe (Chrono Boost)  
  28  2:41  Probe (Chrono Boost)  
  30  2:50  Sentry  
  30  2:51  Probe (Chrono Boost)  
  34  2:52  Probe (Chrono Boost)  
  34  2:55  Probe (Chrono Boost)  
  34  2:56  Probe (Chrono Boost), Gateway  
  34  3:05  Probe  
  34  3:06  Probe, Robotics Facility  
  36  3:17  Probe  
  36  3:18  Probe  
  38  3:21  Stalker  
  38  3:23  Gateway  
  38  3:30  Probe  
  38  3:31  Probe  
  40  3:34  Shield Battery  
  40  3:42  Probe  
  40  3:43  Probe  
  42  3:54  Probe  
  43  3:58  Nexus  
  43  4:01  Pylon  
  43  4:03  Immortal  
  46  4:10  Gateway  
  46  4:16  Pylon  
  46  4:20  Pylon  
  46  4:22  Stalker  
  48  4:27  Probe x2 (Chrono Boost)  
  48  4:29  Assimilator  
  48  4:30  Assimilator  
  52  4:38  Probe (Chrono Boost)  
  52  4:39  Probe (Chrono Boost), Pylon  
  52  4:43  Pylon  
  52  4:46  Immortal  
  52  4:52  Stalker  
  58  4:55  Probe x2  
  60  5:01  Twilight Council  
  60  5:02  Forge  
  60  5:04  Forge  
  60  5:06  Stalker  
  62  5:07  Probe x2  
  62  5:11  Probe  
  65  5:19  Probe x2  
  67  5:23  Probe  
  67  5:28  Pylon  
  68  5:31  Probe (Chrono Boost)  
  68  5:32  Probe (Chrono Boost)  
  68  5:34  Immortal  
  74  5:38  Pylon  
  74  5:39  Probe (Chrono Boost)  
  75  5:43  Probe (Chrono Boost)  
  75  5:44  Probe (Chrono Boost)  
  75  5:46  Stalker x2  
  82  5:50  Probe (Chrono Boost), Pylon  
  82  5:58  Shield Battery  
  82  6:01  Probe x3  
  82  6:02  Protoss Ground Armor Level 1 (Chrono Boost)  
  82  6:03  Protoss Ground Weapons Level 1 (Chrono Boost)  
  85  6:07  Charge  
  85  6:09  Templar Archives  
  85  6:11  Sentry  
  85  6:12  Stalker  
  85  6:13  Probe x3  
  92  6:25  Probe x3  
  95  6:27  Immortal  
  95  6:36  Nexus  
  95  6:37  Probe x2  
  95  6:38  Pylon  
  97  6:41  Pylon  
  97  6:47  Stalker x2  
  97  6:52  Gateway  
  97  6:53  Gateway  
  100  6:55  Probe x2, Gateway  
  100  6:58  Assimilator  
  102  7:01  Assimilator  
  102  7:12  High Templar x2  
  106  7:20  Pylon  
  106  7:23  Gateway  
  106  7:26  Gateway  
  106  7:28  Gateway  
  106  7:30  Gateway, Archon  
  106  7:32  Gateway  
  106  7:35  Immortal  
  110  7:42  Robotics Facility  
  110  7:45  Gateway  
  110  7:46  Gateway  
  110  7:47  Zealot x2  
  110  7:48  Zealot x2  
  116  7:55  Probe x4  
  120  8:07  Probe x4  
  120  8:11  High Templar x4  
  120  8:12  Zealot  
  134  8:16  Archon x2  
  134  8:26  Protoss Ground Weapons Level 2 (Chrono Boost), Protoss Ground Armor Level 2 (Chrono Boost)  
  134  8:28  Zealot x2  
  134  8:29  Zealot x3  
  134  8:31  Immortal x2  
  152  8:40  Probe x4  
  149  8:47  Photon Cannon  
  144  8:49  Photon Cannon  
  144  8:51  Shield Battery  
  144  8:52  Probe x4  
  144  8:54  Photon Cannon  
  148  8:56  Photon Cannon  
  148  8:58  Shield Battery  
  148  9:00  Photon Cannon  
  148  9:01  Photon Cannon  
  148  9:04  Shield Battery  
  148  9:05  High Templar  
  148  9:06  High Templar x3  
  156  9:11  Archon x2  
  156  9:19  Photon Cannon  
  156  9:21  Photon Cannon  
  156  9:23  Shield Battery  
  156  9:37  Pylon  
  156  9:40  Pylon  
  156  9:43  Pylon  
  156  9:44  Assimilator  
  156  9:45  Assimilator, Immortal  
  156  9:49  Probe, Immortal  
  156  9:55  Probe x3  
  167  10:10  High Templar x4  
  167  10:12  Zealot x2  
  179  10:15  Archon  
  179  10:16  Archon  
  179  10:21  Nexus  
  179  10:22  Pylon  
  179  10:24  Photon Cannon  
  179  10:25  Pylon  
  179  10:34  Pylon  
  179  10:45  Photon Cannon  
  179  10:47  Photon Cannon  
  179  10:48  Probe x4, Shield Battery  
  183  10:56  Zealot x3  
  183  10:57  Zealot x5  
  199  11:12  Observer  
  195  11:29  Dark Shrine  
  191  11:36  Immortal x2  
  191  11:39  Stalker x2  
  199  11:46  Probe x4  
  185  11:58  Probe x3  
  185  11:59  Pylon  
  185  12:00  Nexus  
  188  12:01  Pylon  
  188  12:02  Pylon  
  188  12:05  Pylon  
  188  12:07  Pylon  
  188  12:08  Pylon  
Tags
 
Add a new tag
Caveats
  • Supply blocks, unpowered buildings, or Contaminate may cause inaccurate times.
  • Supply counts are checked every 10 seconds.